 Dungeon Crawl Stone Soup version 0.20-a0-274-g7b51309 (webtiles) character file.

3194 AlphabetPasta the Firebug (level 9, -1/62 HPs)
             Began as a Ghoul Fire Elementalist on Dec 13, 2016.
             Was a Follower of Vehumet.
             Slain by an orc warrior
             ... wielding a +0 halberd
              (8 damage)
             ... on level 6 of the Dungeon.
             The game lasted 00:49:39 (8400 turns).

AlphabetPasta the Firebug (Ghoul Fire Elementalist) Turns: 8400, Time: 00:49:39

Health: -1/62      AC:  7    Str: 12    XL:     9   Next: 96%
Magic:  20/25      EV: 12    Int: 13    God:    Vehumet [*.....]
Gold:   276        SH:  0    Dex:  9    Spells: 3/19 levels left

rFire  . . .     SeeInvis .     d - +1 halberd
rCold  + . .     Gourm    .     p - +2 robe {rN+}
rNeg   + + +     Faith    .     (shield currently unavailable)
rPois  ∞         Spirit   .     B - +0 helmet
rElec  .         Reflect  .     o - +0 cloak
rCorr  .         Harm     .     (no gloves)
MR     .....                    e - +0 pair of boots
Stlth  ++........               (no amulet)
                                y - ring of wizardry
                                f - ring of magical power

@: rotting
A: rotting body, claws 1, carnivore 3, cold resistance 1, negative energy
resistance 3, slow regeneration 1, torment resistance, unbreathing
a: Renounce Religion


You were on level 6 of the Dungeon.
You worshipped Vehumet.
Vehumet was aware of your devotion.
You were not hungry.

You visited 2 branches of the dungeon, and saw 8 of its levels.
You also visited: Sewer.

You collected 328 gold pieces.
You spent 52 gold pieces at shops.

Inventory:

Hand Weapons
 d - a +1 halberd (weapon)
 n - a +4 quarterstaff of chaos
Armour
 e - a +0 pair of boots (worn)
 o - a +0 cloak (worn)
 p - a +2 robe of positive energy (worn)
 B - a +0 helmet (worn)
Jewellery
 f - a ring of magical power (left claw)
 l - an uncursed ring of flight
 y - a ring of wizardry (right claw)
Wands
 w - a wand of paralysis (23/24)
Scrolls
 i - 3 scrolls of teleportation
 j - 3 scrolls of fog
 s - 2 scrolls of remove curse
Potions
 g - a potion of cancellation
 h - 3 potions of curing
 k - 2 potions of flight
 m - a potion of heal wounds
 q - 2 potions of magic
 r - 3 potions of might
 t - a potion of agility
Books
 b - a book of Flames

   Spells                             Type                      Level
   a - Flame Tongue                   Conjuration/Fire             1
   b - Throw Flame                    Conjuration/Fire             2
   c - Conjure Flame                  Conjuration/Fire             3
   d - Inner Flame                    Hexes/Fire                   3
   e - Sticky Flame                   Conjuration/Fire             4
   f - Fireball                       Conjuration/Fire             5
Comestibles
 c - 7 meat rations


   Skills:
 + Level 4.8 Staves
 - Level 1.7 Dodging
 - Level 2.1 Stealth
 + Level 5.5 Spellcasting
 + Level 4.9 Conjurations
 * Level 7.7 Fire Magic
 + Level 2.0 Ice Magic


You had 3 spell levels left.
You knew the following spells:

 Your Spells              Type           Power        Failure   Level  Hunger
a - Flame Tongue          Conj/Fire      ###..        1%          1    None
b - Throw Flame           Conj/Fire      ###...       1%          2    ##.....
c - Conjure Flame         Conj/Fire      ###.....     1%          3    ###....
d - Sticky Flame          Conj/Fire      ###.....     6%          4    ####...
e - Fireball              Conj/Fire      ###.......   16%         5    ######.
f - Freeze                Ice            #...         4%          1    None


Dungeon Overview and Level Annotations

Branches:
Dungeon (7/15)             Temple (1/1) D:5

Altars:
Ashenzari
Dithmenos
Elyvilon
Fedhas
Gozag
Hepliaklqana
Kikubaaqudgha
Makhleb
Nemelex Xobeh
Ru
Uskayaw
Vehumet
Xom
Yredelemnul
Zin
The Shining One

Shops:
D:4 *

Annotations:
D:3 Natasha


Innate Abilities, Weirdness & Mutations

Your body is rotting away.
You thrive on raw meat.
You are immune to poison.
You have sharp fingernails.
You are carnivorous and can eat meat at any time.
Your flesh is cold resistant. (rC+)
You are immune to negative energy. (rN+++)
You regenerate slowly when monsters are visible.
You are immune to unholy pain and torment.
You can survive without breathing.


Message History

Aim: an orc warrior, wielding a halberd and wearing a chain mail (severely wounded)
The flame tongue misses the killer bee.
The flame tongue hits the orc warrior.
The orc warrior appears unharmed.
The orc warrior is severely wounded.
The killer bee stings you but does no damage.
The killer bee closely misses you. The killer bee stings you.
* * * LOW HITPOINT WARNING * * *
The killer bee stings you but does no damage.
Casting: Flame Tongue
Confirm with . or Enter, or press ? or * to list all spells.
Aiming: Flame Tongue
Press: ? - help, Shift-Dir - straight line, f/p - orc warrior
Aim: an orc warrior, wielding a halberd and wearing a chain mail (severely wounded)
The flame tongue hits the killer bee.
The killer bee appears unharmed.
The killer bee is moderately wounded.
The killer bee stings you.
* * * LOW HITPOINT WARNING * * *
The orc warrior hits you from afar with a halberd!
You die...

#.# ##.## ###...#### ....#....#
############# ###...##.#
#...........##### ####.###.#
#.#######.......# .###.# #.# #.#
#...###.# ..##.# #.# #.# #####
#.# .....# #.# #@# #.# ..#### #.#
#y# #.# .## #.# #o# #.# ## #.#
#.# #.# # ######.#######.#### #.#
#.....<...........##########.#
###.####.#######.##..........#.##
....# #.# #.###########.....
##### #.# #.#### #.....


You could see an orc warrior and a killer bee.

Vanquished Creatures
  Pikel (D:3)
  Grinder (D:4)
  A hippogriff (D:3)
  Sigmund (D:2)
  Duvessa (D:5)
  A phantom (D:6)
  4 ice beasts
  An ogre (D:6)
  Blork the orc (D:4)
  2 big kobolds (Sewer)
  3 bullfrogs (D:6)
  Dowan (D:5)
  A water moccasin zombie (D:6)
  2 scorpions
  2 killer bees (D:6)
  A howler monkey (D:4)
  The ghost of AlphabetPasta the Caller, a weakling HESu (D:3)
  A bullfrog zombie (D:6)
  A crimson imp (D:6)
  2 hounds
  2 orc priests
  Crazy Yiuf (D:2)
  A bullfrog skeleton (D:6)
  2 iguanas (D:5)
  Jessica (D:2)
  Natasha (twice) (D:3)
  An orc wizard (D:5)
  4 worker ants
  11 adders
  A gnoll (D:1)
  2 river rats (Sewer)
  3 oozes
  An adder skeleton (D:5)
  3 worms
  2 dart slugs (D:3)
  6 leopard geckos
  27 orcs
  3 giant cockroaches
  7 hobgoblins
  12 jackals
  7 kobolds
  4 quokkas
  10 ball pythons
  5 bats
  3 frilled lizards
  10 goblins
  A quokka skeleton (D:6)
  13 rats
174 creatures vanquished.

Vanquished Creatures (others)
  A slave (D:4)
  A phantom (D:4)
  An orc wizard (D:6)
  An adder (D:4)
4 creatures vanquished.

Grand Total: 178 creatures vanquished

Notes
Turn   | Place    | Note
-------+----------+-------------------------------------------
     0 | D:1      | AlphabetPasta the Ghoul Fire Elementalist began the quest for the Orb.
     0 | D:1      | Reached XP level 1. HP: 14/14 MP: 2/2
   172 | D:1      | Reached skill level 1 in Conjurations
   174 | D:1      | Reached XP level 2. HP: 16/20 MP: 0/3
   222 | D:1      | Learned a level 2 spell: Throw Flame
   469 | D:1      | Reached skill level 3 in Fire Magic
   531 | D:1      | Reached XP level 3. HP: 26/26 MP: 5/5
  1232 | D:2      | Noticed Jessica
  1240 | D:2      | Killed Jessica
  1240 | D:2      | Reached XP level 4. HP: 25/32 MP: 1/6
  1248 | D:2      | Learned a level 3 spell: Conjure Flame
  1414 | D:2      | Found a runed door.
  1418 | D:2      | Noticed Crazy Yiuf
  1430 | D:2      | Killed Crazy Yiuf
  1533 | D:2      | Found a faded altar of an unknown god.
  1602 | D:2      | Noticed Sigmund
  1620 | D:2      | Killed Sigmund
  1620 | D:2      | Reached skill level 1 in Staves
  1620 | D:2      | Reached skill level 4 in Fire Magic
  1620 | D:2      | Reached XP level 5. HP: 15/37 MP: 0/8
  1620 | D:2      | Reached XP level 6. HP: 18/44 MP: 0/9
  1699 | D:2      | Learned a level 4 spell: Sticky Flame
  2347 | D:3      | Noticed AlphabetPasta's ghost (weakling HESu)
  2415 | D:3      | Killed AlphabetPasta's ghost
  2538 | D:3      | Noticed Natasha
  2548 | D:3      | Killed Natasha
  2642 | D:3      | Noticed Natasha
  2645 | D:3      | Killed Natasha
  2668 | D:3      | Found a glowing drain.
  2676 | Sewer    | Entered a sewer
  2764 | Sewer    | Reached XP level 7. HP: 50/50 MP: 6/10
  3340 | D:3      | Reached skill level 5 in Fire Magic
  4008 | D:3      | Noticed Natasha
  4694 | D:4      | Noticed Blork the orc
  4703 | D:4      | Noticed a hippogriff
  4708 | D:4      | Killed Blork the orc
  4708 | D:4      | Reached XP level 8. HP: 23/57 MP: 2/12
  5011 | D:4      | Noticed Pikel
  5175 | D:3      | Killed a hippogriff
  5220 | D:3      | Killed Pikel
  5220 | D:3      | Reached skill level 6 in Fire Magic
  5553 | D:4      | Learned a level 5 spell: Fireball
  5726 | D:4      | Found Gaow's General Store.
  5731 | D:4      | Bought 2 scrolls of identify for 52 gold pieces
  5770 | D:4      | Noticed Grinder
  5776 | D:4      | Killed Grinder
  5776 | D:4      | Reached XP level 9. HP: 52/62 MP: 14/15
  5812 | D:4      | Found a shattered altar of Ashenzari.
  6137 | D:5      | Entered Level 5 of the Dungeon
  6243 | D:5      | Found a staircase to the Ecumenical Temple.
  6252 | Temple   | Entered the Ecumenical Temple
  6276 | Temple   | Became a worshipper of Vehumet
  6401 | D:5      | Reached skill level 7 in Fire Magic
  6668 | D:5      | Reached skill level 5 in Spellcasting
  6849 | D:5      | Noticed Duvessa
  6856 | D:5      | Killed Duvessa
  6856 | D:5      | Reached * piety under Vehumet
  6856 | D:5      | Offered knowledge of Freeze by Vehumet.
  6858 | D:5      | Noticed Dowan
  6861 | D:5      | Killed Dowan
  6871 | D:5      | Learned a level 1 spell: Freeze
  6926 | D:5      | Found a glowing golden altar of the Shining One.
  7129 | D:6      | Learned a level 5 spell: Fireball
  7337 | D:6      | Reached skill level 1 in Ice Magic
  8400 | D:6      | Slain by an orc warrior

Vault maps used:
D:1:      onia_arrival_larder
D:2:      chequers_ecumenical_altar_island, uniq_jessica, uniq_sigmund,
          uniq_crazy_yiuf_cottage
D:3:      lightli_sewer_entry_pipes, serial_park_tiny_2,
          kennysheep_generic_room_6, uniq_natasha
D:4:      kennysheep_mini, serial_shops, kennysheep_little_box, uniq_grinder,
          uniq_pikel, uniq_blork_the_orc
D:5:      first_bread, nicolae_tso_carved_into_rock, uniq_duvessa
D:6:      minmay_door_square
D:7:      old_standard_altar, kennysheep_okawaru_gauntlet, slow_altar_1,
          lemuel_crystal_altar, lemuel_blue_sif_altar, uniq_prince_ribbit1
Temple:   regret_index_temple_waves
Sewer:    sewer_co_15_rooms

Skill      XL: |  1  2  3  4  5  6  7  8  9 |
---------------+----------------------------+-----
Conjurations   | 1 2 3 4 |  4.9
Spellcasting   | 2 3 4 5 |  5.5
Fire Magic     | 3 4 5 6 7 |  7.7
Staves         | 1 2 3 4 |  4.8
Ice Magic      | 2 |  2.0
Dodging        | |  1.7
Stealth        | |  2.1

Action                   |  1- 3 |  4- 6 |  7- 9 || total
-------------------------+-------+-------+-------++-------
Melee: Unarmed           |    18 |       |       ||    18
       Halberd           |    15 |    48 |    67 ||   130
 Cast: Flame Tongue      |    40 |    62 |   293 ||   395
       Conjure Flame     |       |     2 |     5 ||     7
       Sticky Flame      |       |       |    14 ||    14
       Throw Flame       |       |       |     6 ||     6
       Freeze            |       |       |     5 ||     5
  Use: Scroll            |     5 |     4 |    18 ||    27
       Potion            |       |     2 |     3 ||     5
 Stab: Sleeping          |       |     2 |     7 ||     9
  Eat: Chunk             |    28 |    24 |   101 ||   153
       Pizza             |       |       |     2 ||     2
       Beef jerky        |       |       |     1 ||     1
Armor: Robe              |     6 |    23 |    76 ||   105
Dodge: Dodged            |    37 |    40 |   174 ||   251
